 Dungeon Crawl Stone Soup version 0.24-a0-441-g27f0392e16 (webtiles) character file.

Game seed: 17417822977610435659

52 Ijustatesigmund the Skirmisher (level 3, 0/40 HPs)
             Began as an Ogre Hunter on June 19, 2019.
             Slain by an adder (1 damage)
             ... on level 3 of the Dungeon.
             The game lasted 00:02:34 (1487 turns).

Ijustatesigmund the Skirmisher (Ogre Hunter)        Turns: 1487, Time: 00:02:34

Health: 0/40       AC:  3    Str: 16    XL:     3   Next: 85%
Magic:  3/3        EV: 10    Int: 12    God:
Gold:   82         SH:  0    Dex: 10    Spells: 2/2 levels left

rFire    . . .     SeeInvis .   a - +1 whip
rCold    . . .     Gourm    .   (no shield)
rNeg     + . .     Faith    .   b - +0 robe
rPois    .         Spirit   .   (helmet restricted)
rElec    .         Reflect  .   (no cloak)
rCorr    .         Harm     .   (gloves unavailable)
MR       .....                  (boots unavailable)
Stlth    +.........             (no amulet)
HPRegen  0.13/turn              k - ring of positive energy
MPRegen  0.08/turn              (no ring)

@: lethally poisoned (0 -> -3), very slightly contaminated
A: large, unfitting armour, tough skin 1
a: no special abilities


You were on level 3 of the Dungeon.
You were not hungry.

You visited 1 branch of the dungeon, and saw 3 of its levels.

You collected 82 gold pieces.

Inventory:

Hand Weapons
 a - a +1 whip (weapon)
Missiles
 c - 3 large rocks (quivered)
 d - 2 throwing nets
Armour
 b - a +0 robe (worn)
Jewellery
 g - an uncursed ring of fire
 k - a ring of positive energy (left hand)
Scrolls
 i - 2 scrolls of fog
Potions
 j - a potion of flight
Comestibles
 f - 4 rations


   Skills:
 + Level 4.5 Fighting
 + Level 1.7 Maces & Flails
 - Level 4.0 Throwing
 - Level 1.7 Dodging
 - Level 0.6 Stealth


You had 2 spell levels left.
You didn't know any spells.
Your spell library was empty.

Dungeon Overview and Level Annotations

Branches:
Dungeon (3/15)

Altars:
Fedhas

Annotations:
D:2 Sigmund


Innate Abilities, Weirdness & Mutations

You are too large for most types of armour.
You have tough skin. (AC +1)


Message History

Found 7 sling bullets.
Blink to where?
Press: ? - help, Dir - move target cursor You are very lightly contaminated with residual magic.
As you read the scroll labeled QISTEO MUACAP, it crumbles to dust.
It was a scroll of blinking.
An adder comes into view.
You feel sick.
The adder hisses angrily.
The adder bites you.
* * * LOW HITPOINT WARNING * * *
You are lethally poisoned!
The adder poisons you!
* * * LOW HITPOINT WARNING * * *
You feel sick.
Okay, then.
* * * LOW HITPOINT WARNING * * *
You feel sick. The adder bites you.
You die...

######.#
#......# #@# #S#
#.# #.# #.## #.#
#...### ##K#
####...... #.r#
#....o..# #o##
#.......#
#.######.......#


You could see an adder, an orc, a kobold and a rat.

Vanquished Creatures
  2 adders (D:2)
  A worm (D:2)
  A dart slug (D:1)
  2 leopard geckos (D:1)
  5 bats
  A giant cockroach (D:2)
  3 goblins
  4 kobolds (D:1)
  5 frilled lizards
  7 rats
31 creatures vanquished.

Notes
Turn   | Place    | Note
-------+----------+-------------------------------------------
     0 | D:1      | Ijustatesigmund the Ogre Hunter began the quest for the
                  | Orb.
     0 | D:1      | Reached XP level 1. HP: 22/22 MP: 1/1
   132 | D:1      | Reached XP level 2. HP: 31/31 MP: 2/2
   768 | D:1      | Reached skill level 1 in Maces & Flails
  1005 | D:2      | Reached XP level 3. HP: 39/39 MP: 3/3
  1394 | D:2      | Found a blossoming altar of Fedhas.
  1454 | D:2      | Noticed Sigmund
  1484 | D:3      | HP: 2/40 [poisoned by an adder]
  1487 | D:3      | Slain by an adder

Levels and vault maps discovered:
D:1:      minmay_arrival_plants_in_alcoves, layout_loops_ring, st_stairs_12
D:2:      layout_rooms, marbit_many_paths, fedhas_altar_fruit_tree, uniq_sigmund
D:3:      layout_loops_ring, nicolae_dithmenos_shadow_blocks, uniq_terence

Skill      XL: |  1  2 |
---------------+-------+-----
Fighting       | 3 4 |  4.5
Maces & Flails | 1 |  1.7
Throwing       | |  4.0
Dodging        | |  1.7
Stealth        | |  0.6

Action                   || total
-------------------------++-------
Melee: Short sword       ||    10
       Whip              ||    92
Throw: Large rock        ||     3
  Use: Scroll            ||     6
 Stab: Sleeping          ||     1
  Eat: Chunk             ||     2
Armor: Robe              ||    40
Dodge: Dodged            ||    56

Table legend:
 A = Non-vault XP
 B = Vault XP
 C = Vault XP percentage of total XP
 D = Non-vault monster count
 E = Vault monster count
 F = Vault count percentage of total count
                 A         B        C        D         E       F
            +---------+---------+-------+---------+---------+-------
      Total |      74 |       1 |   1.3 |      30 |       1 |   3.2
            +---------+---------+-------+---------+---------+-------
        D:1 |      32 |       1 |   3.0 |      20 |       1 |   4.8
        D:2 |      42 |       0 |   0.0 |      10 |       0 |   0.0
            +---------+---------+-------+---------+---------+-------
